 Dungeon Crawl Stone Soup version 0.30-a0-924-g0ad0bf95bc (webtiles) character file.

Game seed: 3520584576691595583

6 jasper the Insei (level 1, 14/14 HPs)
             Began as a Demonspawn Wanderer on Mar 22, 2023.
             Quit the game on level 1 of the Dungeon.
             The game lasted 00:01:08 (389 turns).

jasper the Insei (Demonspawn Wanderer)               Turns: 389, Time: 00:01:08

Health: 14/14      AC:  2    Str: 11    XL:     1   Next: 75%
Magic:  2/2        EV: 11    Int: 12    God:
Gold:   36         SH:  0    Dex: 14    Spells: 1/2 levels left

rFire   . . .      SeeInvis .    a - +0 dagger
rCold   . . .      Faith    .    (no shield)
rNeg    . . .      Spirit   .    e - +0 robe
rPois   .          Reflect  .    (no helmet)
rElec   .          Rampage  .    (no cloak)
rCorr   .                        (no gloves)
Will    .....                    (no boots)
Stlth   +                        (no amulet)
HPRegen 0.22/turn                (no ring)
MPRegen 0.08/turn                (no ring)

@: no status effects
A: no striking features
a: no special abilities


You were on level 1 of the Dungeon.
You visited 1 branch of the dungeon, and saw 1 of its levels.

You collected 36 gold pieces.

Inventory:

Hand Weapons
 a - a +0 dagger (weapon)
Missiles
 h - 6 stones
 i - 6 boomerangs (quivered)
Armour
 e - a +0 robe (worn)
Scrolls
 b - a scroll of fear
 d - a scroll of fog
 g - a scroll of identify {unknown}
 j - a scroll of noise {unknown}
Potions
 f - a potion of berserk rage
Miscellaneous
 c - a piece from Xom's chessboard (15/15)


   Skills:
 + Level 0.4 Fighting
 + Level 0.3 Armour
 * Level 4.6 Unarmed Combat
 - Level 1.0 Spellcasting
 - Level 2.0 Conjurations
 - Level 1.2 Invocations
 - Level 1.0 Evocations


You had one spell level left.
You knew the following spells:

 Your Spells              Type           Power      Damage    Failure   Level
a - Magic Dart            Conj           20%        1d4       13%         1

Your spell library contained the following spells:

 Spells                   Type           Power      Damage    Failure   Level
 Hailstorm                Conj/Ice       3%         3d3       52%         3


Dungeon Overview and Level Annotations

Branches:
Dungeon (1/15)

Altars:


Message History

Press: ? - help, Q - select action, (/) - cycle Shift-Dir - straight line, f/p - hobgoblin
Aim: a hobgoblin (57% to hit)
You throw a boomerang. The boomerang hits the hobgoblin.
The hobgoblin is moderately wounded.
Throw: 6 boomerangs
Press: ? - help, Q - select action, (/) - cycle Shift-Dir - straight line, f/p - hobgoblin
Aim: a hobgoblin (moderately wounded, 57% to hit)
You throw a boomerang.
The boomerang barely misses the hobgoblin.
Throw: 6 boomerangs
Press: ? - help, Q - select action, (/) - cycle Shift-Dir - straight line, f/p - hobgoblin
Aim: a hobgoblin (moderately wounded, 57% to hit)
You throw a boomerang.
The boomerang closely misses the hobgoblin.
Throw: 6 boomerangs
Press: ? - help, Q - select action, (/) - cycle Shift-Dir - straight line, f/p - hobgoblin
Aim: a hobgoblin (moderately wounded, 57% to hit)
You throw a boomerang. The boomerang hits the hobgoblin.
The hobgoblin is heavily wounded.
The hobgoblin closely misses you.
You hit the hobgoblin.
You kill the hobgoblin!
Health restored: 14
There is a stone staircase leading down here.
You now have 36 gold pieces (gained 6).
j - a scroll labelled OMACZO SEFULL A hobgoblin comes into view.
A hobgoblin is nearby!
You closely miss the hobgoblin. The hobgoblin closely misses you.
You hit the hobgoblin but do no damage. The hobgoblin barely misses you.
You hit the hobgoblin.
The hobgoblin is heavily wounded.
The hobgoblin barely misses you.
You hit the hobgoblin.
You kill the hobgoblin!
An endoplasm comes into view.
An endoplasm is nearby!
Welcome back, jasper the Demonspawn Wanderer.
Press ? for a list of commands and other information.
Are you sure you want to abandon this character and quit the game? (Confirm with "yes".)

.# #. .# #. .# #. .# #. .# #.
.###### #. ......##### #.
.####.#...######################.
................@................
.####.....#####.##########.####..
.###......# #. #...........
.........## #. #.###.####.#
.........# #. #.# #.####..
.........# #. #.# #.......
.......#.# #J #.# #..###..
.....#.#.# #. #.###..###..
.......#.######.######..##.......


You could see an endoplasm (asleep).

Vanquished Creatures
  A goblin (D:1)
  2 hobgoblins (D:1)
  2 frilled lizards (D:1)
  A rat (D:1)
6 creatures vanquished.

Notes
Turn   | Place    | Note
-------+----------+-------------------------------------------
     0 | D:1      | jasper the Demonspawn Wanderer began the quest for the Orb.
     0 | D:1      | jasper set off with the following items: a +0 dagger, a
                  | scroll of fear, a piece from Xom's chessboard (15/15), a
                  | scroll of fog, a +0 robe, a potion of berserk rage; and the
                  | following spell memorised: Magic Dart; and the following
                  | spells available to memorise: Hailstorm.
     0 | D:1      | Reached XP level 1. HP: 13/13 MP: 2/2
   389 | D:1      | Quit the game

Illustrated notes

Levels and vault maps discovered:
D:1:      dpeg_arrival_oval, layout_basic, hangedman_decor_growths,
          glass_columns_a

Action                     || total
---------------------------++-------
  Melee: Dagger            ||    13
         Punch             ||     1
  Throw: Boomerang         ||     5
   Stab: Sleeping          ||     1
  Dodge: Dodged            ||     8

Table legend: (Time is in decaauts)
 A = Elapsed time spent in this place.
 B = Non-inter-level travel time spent in this place.
 C = Inter-level travel time spent in this place.
 D = Time resting spent in this place.
 E = Time spent auto-exploring this place.
 F = Levels seen in this place.
 G = Mean time per level.
                   A        B        C        D        E       F      G
               +--------+--------+--------+--------+--------+-----+--------+
         Total |    390 |    390 |      0 |      0 |    323 |   1 |  390.0 |
       Dungeon |    390 |    390 |      0 |      0 |    323 |   1 |  390.0 |
               +--------+--------+--------+--------+--------+-----+--------+

Top non-repeatable levels by time:
     D:1: 390 daAuts
